AoeStats
← HK | Jai Guru Deva

Black Forest

510875203Analyzed
4v4 RM · 14h ago on Oct 2, 2026· 41m 32s· 8 players
Game mode
Random Map
Map size
Large (8 player)
Population
200
Speed
Normal
Resources
Standard
Victory
Conquest
Starting age
Dark Age
Ending age
Imperial Age
RankedLock teamsTeams togetherTeam positionsShared explorationLock speedFull tech treeHidden civsTurbo modeCheats
Victory
Defeat
🇮🇹 Teutons · Italy
1476
+10
🇮🇹 Ethiopians · Italy
1467
+10
🇲🇽 Celts · Mexico
1298
+17
🇮🇹 Goths · Italy
1250
+18
🇧🇷 Poles · Brazil
1339
-14
🇲🇽 Franks · Mexico
1332
-14
🇨🇴 Aztecs · Colombia
1325
-14
🇲🇽 Teutons · Mexico
1306
-13
lucaspeixoto2584
1:44 Loom
11:09 Feudal Age
14:53 Castle Age
13:22 Horse Collar
16:22 Heavy Plow
19:18 Double-Bit Axe
25:32 Imperial Age
24:18 Stone Mining
24:42 Forging
25:06 Treadmill Crane
25:49 Ballistics
26:22 Iron Casting
26:23 Arson
26:39 Squires
28:05 Chemistry
27:57 Gold Mining
29:14 Conscription
31:29 Masonry
34:52 Wheelbarrow
34:03 Town Watch
34:06 Light Cavalry
37:59 Fortified Wall
37:38 Winged Hussar
38:28 Bloodlines
38:18 Husbandry
dfarfangomez
7:02 Loom
9:32 Feudal Age
10:12 Double-Bit Axe
15:21 Padded Archer Armor
18:22 Fletching
21:50 Gold Mining
22:11 Stone Mining
27:10 Castle Age
27:48 Bodkin Arrow
27:43 Crossbowman
29:34 Bow Saw
31:38 Leather Archer Armor
31:56 Ballistics
34:03 Guard Tower
38:05 Wheelbarrow
HK | Jai Guru Deva
11:41 Feudal Age
12:28 Double-Bit Axe
15:26 Castle Age
17:04 Bow Saw
18:22 Wheelbarrow
29:38 Imperial Age
27:25 Scale Mail Armor
27:28 Stone Mining
27:29 Gold Mining
28:06 Forging
28:29 Chain Mail Armor
29:46 Iron Casting
29:57 Elite Throwing Axeman
31:17 Conscription
36:43 Chemistry
35:25 Treadmill Crane
Manee
6:01 Loom
12:10 Feudal Age
16:20 Castle Age
14:44 Bloodlines
14:40 Scale Barding Armor
14:27 Double-Bit Axe
14:25 Horse Collar
16:34 Gold Mining
17:14 Scale Barding Armor
18:19 Bloodlines
29:43 Bow Saw
29:35 Heavy Plow
37:02 Imperial Age
35:19 Chain Barding Armor
38:17 Cavalier
39:29 Forging
39:57 Plate Barding Armor
40:17 Wheelbarrow
40:20 Paladin
AiM | Khaz
11:22 Feudal Age
11:05 Loom
16:43 Castle Age
14:57 Double-Bit Axe
14:58 Horse Collar
17:46 Bow Saw
21:31 Scale Mail Armor
22:43 Pikeman
30:11 Chain Mail Armor
32:56 Wheelbarrow
33:02 Gold Mining
36:19 Imperial Age
34:09 Forging
35:25 Iron Casting
35:11 Stone Mining
35:26 Heavy Plow
36:25 Hand Cart
36:23 Halberdier
37:51 Stone Shaft Mining
38:04 Plate Mail Armor
39:36 Blast Furnace
38:26 Man-at-Arms
38:51 Gambesons
38:43 Capped Ram
40:09 Siege Ram
41:33 Conscription
41:26 Long Swordsman
Melo
11:41 Feudal Age
15:19 Castle Age
14:10 Double-Bit Axe
14:05 Horse Collar
16:55 Bow Saw
17:07 Heavy Plow
19:00 Town Watch
22:29 Gold Mining
23:19 Wheelbarrow
22:29 Loom
25:01 Hand Cart
28:58 Imperial Age
29:04 Imperial Age
29:05 Stone Mining
29:05 Gold Mining
30:49 Chemistry
29:55 Siege Engineers
30:03 Masonry
30:00 Siege Engineers
29:20 Onager
29:35 Onager
32:06 Guilds
35:52 Two-Man Saw
35:29 Stone Shaft Mining
34:20 Siege Onager
37:49 Ironclad
37:49 Conscription
MLT | Bombad Gastald
0:27 Loom
13:54 Feudal Age
18:16 Castle Age
17:06 Double-Bit Axe
18:38 Horse Collar
19:15 Bow Saw
21:15 Heavy Plow
25:01 Wheelbarrow
25:44 Gold Mining
26:59 Scale Mail Armor
27:11 Pikeman
33:03 Imperial Age
30:40 Squires
30:23 Man-at-Arms
32:16 Chain Mail Armor
32:11 Forging
34:16 Conscription
34:37 Crop Rotation
35:10 Two-Man Saw
35:02 Halberdier
35:02 Long Swordsman
36:23 Iron Casting
36:01 Perfusion
36:17 Two-Handed Swordsman
38:23 Champion
39:52 Guilds
40:44 Blast Furnace
41:09 Hand Cart
40:46 Stone Mining
CAAAAAAT
0:44 Loom
9:28 Feudal Age
12:21 Double-Bit Axe
14:15 Fletching
17:17 Horse Collar
22:29 Castle Age
22:26 Crossbowman
23:16 Gold Mining
26:40 Bow Saw
29:25 Thumb Ring
30:41 Ballistics
30:44 Padded Archer Armor
30:52 Bodkin Arrow
32:14 Padded Archer Armor
38:46 Gold Shaft Mining
40:25 Wheelbarrow
39:48 Stone Mining
40:22 Heavy Plow
43:18 Imperial Age
40:39 Town Watch
41:12 Leather Archer Armor
41:08 Masonry
Connection lost

Rejoining the realm…

Still unreachable

The connection could not be restored.

Session expired

The server has moved on; the page needs a fresh start.